Match 39276275
Unlisted

Match 39276275
End
Selects Luftwaffe Battlegroup
Selects Luftwaffe Pioneer Support
Fallschirmpioneer Squad Paradrop
Construct Infanterie Kompanie
MG 42 Machine Gun Team
MG 42 Machine Gun Team
Construct Panzergrenadier Kompanie
Construct Panzergrenadier Kompanie
Construct Luftwaffe Kompanie
MG 42 Machine Gun Team
MG 42 Machine Gun Team
251 Medium Carrier
Selects LG40 Recoilless Gun Paradrop
Jäger Squad
Luftwaffe Officer Quarters
Support Elements
Selects Flak 36 Anti-tank Gun Emplacement
Nebelwerfer 42 Rocket Launcher Team
Panzergrenadier Officer Quarters
Nebelwerfer 42 Rocket Launcher Team
251 Medium Carrier
MG 42 Machine Gun Team
Jäger Squad
Selects Stuka Strafing Run
Selects Fallschirmjäger Squad Paradrop
Stuka Strafing Run
Jäger Squad
MiloAllen
dizmo661
Captain Munumon
Candy
為了帝皇
ALEJO5500
我是人参果
Mael Radec
0
0

Comments sign in to comment!

No comments posted yet!